 Dungeon Crawl Stone Soup version 0.31.0-11-ge490571c62 (webtiles) character file.

Game seed: 2449824271693888023

37687 Minsecho the Pandemonic (level 13, 0/61 HPs)
             Began as a Spriggan Monk on Feb 1, 2024.
             Was a High Priest of Makhleb.
             Constricted to death by an anaconda (3 damage)
             ... on level 2 of the Lair of Beasts.
             The game lasted 01:12:13 (19460 turns).

Minsecho the Pandemonic (Spriggan Monk)            Turns: 19460, Time: 01:12:15

Health: 0/61       AC:  6    Str: 11    XL:     13   Next: 59%
Magic:  28/28      EV: 17    Int: 15    God:    Makhleb [*****.]
Gold:   206        SH: 11    Dex: 22    Spells: 22/32 levels left

rFire   . . .        g - +10 spear of Meudgh {spect, Int+3}
rCold   . . .        z - +0 buckler
rNeg    . . .        U - +0 acid dragon scales
rPois   .            (helmet currently unavailable)
rElec   .            (cloak currently unavailable)
rCorr   +            (gloves unavailable)
SInv    +            (boots unavailable)
Will    ++...        y - amulet of reflection
Stlth   +++++        c - ring "Xerut" {+Blink Fly Dex-2 Slay+5 Stlth+}
HPRegen 0.30/turn    F - +6 ring of dexterity
MPRegen 0.21/turn

%: reflection
@: beast-form, flying, constricted, very quick
A: beast (slay +4), very small, no large weapons, unfitting armour, see
invisible, speed 3
a: Begin Untransformation, Renounce Religion, Evoke Blink, Minor Destruction,
Lesser Servant of Makhleb, Major Destruction, Greater Servant of Makhleb


You were on level 2 of the Lair of Beasts.
You worshipped Makhleb.
Makhleb was extremely pleased with you.
You were a hulking beast.
You visited 2 branches of the dungeon, and saw 16 of its levels.
You visited 1 bazaar.
You also visited: Ossuary.

You collected 793 gold pieces.
You spent 587 gold pieces at shops.

Inventory:

Hand Weapons
 g - the +10 spear of Meudgh (weapon) {spect, Int+3}
   (You found it on level 7 of the Dungeon)

   Int+3:     It affects your intelligence (+3).
Missiles
 d - 48 poisoned darts
 D - 9 boomerangs
 X - 2 curare-tipped darts
Armour
 z - a +0 buckler (worn)
 U - +0 acid dragon scales (worn)
Jewellery
 a - a ring of wizardry
 c - the ring "Xerut" (left hand) {+Blink Fly Dex-2 Slay+5 Stlth+}
   (You found it on level 2 of the Lair of Beasts)

   [ring of flight]

   Dex-2:     It affects your dexterity (-2).
   Slay+5:    It affects your accuracy & damage with ranged weapons and melee
   (+5).
   Fly:       It grants you flight.
   +Blink:    It lets you blink.
   Stlth+:    It makes you more stealthy.
 s - an amulet of regeneration
 x - a ring of wizardry
 y - an amulet of reflection (around neck)
 F - a +6 ring of dexterity (right hand)
 Q - a ring of poison resistance
Talismans
 j - a beast talisman (active)
Wands
 w - a wand of digging (5)
 E - a wand of iceblast (8)
 S - a wand of paralysis (6)
Scrolls
 b - 2 scrolls of revelation
 e - a scroll of brand weapon {unknown}
 h - 3 scrolls of fog {unknown}
 i - 3 scrolls of amnesia
 l - 8 scrolls of teleportation
 m - 4 scrolls of enchant weapon
 p - 2 scrolls of blinking
 t - 3 scrolls of fear
 H - a scroll of acquirement {unknown}
 J - 3 scrolls of enchant armour {unknown}
 K - 4 scrolls of noise {unknown}
 L - a scroll of immolation {unknown}
 M - a scroll of silence {unknown}
 T - 4 scrolls of poison
 W - a scroll of summoning {unknown}
 Z - a scroll of vulnerability {unknown}
Potions
 k - a potion of magic
 n - 3 potions of resistance
 o - 5 potions of might
 q - a potion of attraction
 r - 3 potions of enlightenment
 A - 4 potions of haste
 B - 3 potions of lignification
 C - 8 potions of curing
 G - 3 potions of brilliance
 I - 2 potions of berserk rage
 N - a potion of cancellation
 O - 2 potions of mutation
 Y - 2 potions of heal wounds
Miscellaneous
 f - a phial of floods


   Skills:
 + Level 4.1 Fighting
 + Level 6.0 Polearms
 + Level 3.2 Throwing
 + Level 2.8 Armour
 + Level 6.7 Dodging
 + Level 8.4 Stealth
 + Level 2.4 Shields
 + Level 4.4 Unarmed Combat
 + Level 10.1 Spellcasting
 + Level 0.5 Summonings
 + Level 5.0 Translocations
 + Level 2.0 Air Magic
 + Level 8.7 Alchemy
 * Level 12.3 Invocations
 * Level 2.8 Evocations
 + Level 10.0 Shapeshifting


You had 22 spell levels left.
You knew the following spells:

 Your Spells              Type           Power      Damage    Failure   Level
a - Mercury Vapours       Alch/Air       46%        N/A       3%          2
b - Blink                 Tloc           44%        N/A       4%          2
c - Mephitic Cloud        Conj/Alch/Air  18%        N/A       14%         3
d - Call Canine Familiar  Summ           9%         N/A       45%         3

Your spell library contained the following spells:

 Spells                   Type           Power      Damage    Failure   Level
 Cigotuvi's Dreadful Rot  Necr/Alch/Air  36%        N/A       8%          2
 Foxfire                  Conj/Fire      28%        2x1d5     22%         1
 Magic Dart               Conj           28%        1d4       22%         1
 Call Imp                 Summ           18%        N/A       26%         2
 Dazzling Flash           Conj/Hex       14%        N/A       54%         3
 Sigil of Binding         Hex            7%         N/A       54%         3
 Dimensional Bullseye     Hex/Tloc       7%         N/A       58%         4
 Yara's Violent Unravell  Hex/Alch       10%        3d6       67%         5
 Silence                  Hex/Air        5%         N/A       98%         5
 Curse of Agony           Necr           7%         N/A       99%         5
 Freezing Cloud           Conj/Ice/Air   4%         6-21      99%         5
 Sculpt Simulacrum        Ice/Alch       10%        N/A       99%         6
 Plasma Beam              Fire/Air       5%         2x1d15    100%        6
 Starburst                Conj/Fire      3%         6d3       100%        6
 Chain Lightning          Conj/Air       5%         3d6       100%        9
 Fire Storm               Conj/Fire      3%         8d1       100%        9
 Shatter                  Erth           3%         3d7*      100%        9


Dungeon Overview and Level Annotations

Branches:
Dungeon (13/15)            Temple (0/1) D:7            Lair (3/5) D:11
  Swamp (0/4) Lair:2        Snake (0/4) Lair:2          Orc (0/2) D:10
Ossuary (visited)
 Vaults: D:13-14

Altars:
Dithmenos
Elyvilon
Fedhas
Gozag
Hepliaklqana
Makhleb
Okawaru
Ru
Sif Muna
Uskayaw
Wu Jian
The Shining One

Shops:
D:4 *   D:5 *   D:6 !   D:12 !=

Annotations:
D:3 1 runed translucent door, Vila42's ghost, amateur GrMo
D:9 3 runed translucent doors, sasquatch's ghost, novice FoFi
D:12 4 runed translucent doors


Innate Abilities, Weirdness & Mutations

You are a hulking beast.
Your limbs bulge with bestial killing power. (Slay +4)
You are very small and have problems with some larger weapons.
You are too small for most types of armour.
You have supernaturally acute eyesight. (SInv)
You cover ground extremely quickly. (Speed+++)


Message History

Your +10 spear of Meudgh {spect, Int+3} disappears.
The death yak attacks as it pursues you!
You block the death yak's attack.
Aiming: Minor Destruction (0% risk of failure)
Press: ? - help, Q - select action, (/) - cycle Shift-Dir - straight line, f/p - death yak
Aim: a death yak (severely wounded, ally target)
The puff of flame hits the death yak but does no damage.
The death yak is severely wounded.
Unknown command.
Reach: g) +10 spear of Meudgh {spect, Int+3}
Press: ? - help, Dir - move target, f/p - death yak
Aim: a death yak (severely wounded, ally target, about 12% to evade the +10 spear of Meudgh)
You reach to attack!
The anaconda hisses angrily.
You impale the death yak!!
The death yak is almost dead.
Your +10 spear of Meudgh {spect, Int+3} hits the death yak!!
You kill the death yak!
Makhleb accepts your kill.
You feel better.
Your neqoxec hits the yak. The yak gores your neqoxec.
Your Polearms skill increases to level 6!
Your +10 spear of Meudgh {spect, Int+3} disappears.
Your neqoxec gestures at the yak.
The yak's mind is gnawed upon.
The yak barely misses your neqoxec.
Your neqoxec hits the yak. The yak closely misses your neqoxec.
Aiming: Minor Destruction (0% risk of failure)
Press: ? - help, Q - select action, (/) - cycle Shift-Dir - straight line, f - anaconda
Aim: an anaconda The zap misses the anaconda.
The anaconda grabs you. The anaconda barely misses you.
The anaconda constricts you.
Your neqoxec hits the yak!
The yak dies!
Makhleb accepts your kill.
The anaconda's grasp on you weakens, but your attempt to escape fails.
The anaconda bites you! The anaconda constricts you.
Your neqoxec gestures at the anaconda.
The anaconda's mind is gnawed upon.
The anaconda bites you!
* * * LOW HITPOINT WARNING * * *
The anaconda constricts you.
You die...

##......#.#####...# ###........#
..##........^....## #.......##
....##.....8.....# #...(...###
.<....##........##### #.......##.
...##.##.8...8.####.######.######
..###.#........##....#####.# #
.## #......8....##.#.......# #
.####..........S..##..###.## #
##...........#..h....#..### #
...##...##.P.##.........# ##
...+.8...###.####.....>.# #.
#.##..Y### #.# #.##3#...# ##
.S.##+#.####.# ####.#.#.### #
..###........# ##...##.#######
..####P..###P### ##..........i..
#.P###...Y.###.####...#.#########
#.....ยง..Y........Y....##


You could see an anaconda (ally target) and a friendly neqoxec (summoned).

Vanquished Creatures
  3 hydras
  An ogre mage (D:11)
  Erica (D:10)
  2 anacondas (Lair:2)
  4 two-headed ogres (D:11)
  12 death yaks
  2 spriggan druids (Lair:2)
  2 deep elf pyromancers (D:13)
  An ugly thing (D:12)
  An oklob plant (Lair:2)
  A cyclops (D:12)
  3 black mambas
  3 gargoyles
  A rime drake (Lair:2)
  4 cane toads
  3 kobold demonologists
  An unseen horror (D:11)
  Jeremiah (D:8)
  7 komodo dragons
  2 polar bears (Lair:2)
  A troll (D:12)
  3 hornets (Lair:2)
  3 blink frogs
  A water elemental (D:11)
  A shadow (D:10)
  19 yaks
  A vampire (D:9)
  3 wraiths
  Grum (D:10)
  2 basilisks (Lair:2)
  2 wargs (D:10)
  A steam dragon (D:7)
  2 acid dragons (D:10)
  2 nagas (Lair:2)
  10 water moccasins
  7 orc warriors
  A black bear (D:4)
  2 sky beasts
  3 ice beasts
  9 wolves
  2 ogres
  2 centaurs
  4 kobold brigands
  2 gnoll sergeants
  12 bullfrogs
  3 scorpions
  10 wights
  3 killer bees (D:8)
  3 howler monkeys (D:8)
  8 electric eels
  5 bullfrog zombies (Ossuary)
  A bombardier beetle (D:5)
  7 orc priests
  2 hounds (D:5)
  2 jellies
  2 gnoll boudas
  2 sleepcaps
  5 iguanas
  9 orc wizards
  2 killer bee zombies (Ossuary)
  2 crocodile zombies (Ossuary)
  6 hound zombies (Ossuary)
  6 mummies (Ossuary)
  6 howler monkey zombies (Ossuary)
  12 gnolls
  6 adders
  2 white imps
  6 ufetubi
  2 ribbon worms
  2 dart slugs
  45 orcs
  5 ball pythons
  10 endoplasms
  4 giant cockroaches
  7 goblins
  3 hobgoblins
  6 jackals
  18 kobolds
  A quokka (D:1)
  2 ball python zombies (Ossuary)
  4 bats
  3 frilled lizards
  3 rats
376 creatures vanquished.

Vanquished Creatures (collateral kills)
  A death yak (Lair:2)
  A yak (Lair:2)
  A water moccasin (Lair:1)
  2 kobold brigands (D:12)
  A bullfrog (Lair:1)
  A gnoll (D:12)
7 creatures vanquished.

Vanquished Creatures (others)
  A kobold brigand (D:13)
  A bullfrog (D:7)
  6 spectral weapons
8 creatures vanquished.

Grand Total: 391 creatures vanquished

Notes
Turn   | Place    | Note
-------+----------+-------------------------------------------
     0 | D:1      | Minsecho the Spriggan Monk began the quest for the Orb.
     0 | D:1      | Reached XP level 1. HP: 11/11 MP: 2/2
   364 | D:1      | Reached XP level 2. HP: 12/16 MP: 3/3
  1120 | D:2      | Reached XP level 3. HP: 15/19 MP: 4/4
  1144 | D:2      | Learned a level 2 spell: Mercury Vapours
  1304 | D:2      | Reached skill level 1 in Spellcasting
  1846 | D:2      | Reached skill level 1 in Shapeshifting
  2233 | D:3      | Reached XP level 4. HP: 13/23 MP: 7/7
  2403 | D:3      | Reached skill level 1 in Alchemy
  2438 | D:3      | Found a burning altar of Makhleb.
  2476 | D:3      | Became a worshipper of Makhleb the Destroyer
  2476 | D:3      | Reached * piety under Makhleb
  2476 | D:3      | Reached ** piety under Makhleb
  2481 | D:3      | Learned a level 3 spell: Mephitic Cloud
  2631 | D:3      | Reached XP level 5. HP: 27/27 MP: 9/9
  2676 | D:3      | Learned a level 3 spell: Call Canine Familiar
  3733 | D:3      | Found a runed translucent door.
  3734 | D:3      | Noticed Vila42's ghost (amateur GrMo)
  4182 | D:3      | Reached XP level 6. HP: 30/32 MP: 10/10
  4420 | D:4      | Found Gozag's Platinum Reserve.
  4434 | D:4      | Identified the staff "Toifor" {^Drain rN+ Will+ SInv Earth}
  4474 | D:4      | Reached skill level 1 in Invocations
  4501 | D:4      | Found an opulent altar of Gozag.
  4614 | D:4      | Learned a level 2 spell: Blink
  4934 | D:5      | Entered Level 5 of the Dungeon
  5043 | D:5      | Reached skill level 5 in Dodging
  5043 | D:5      | Reached skill level 1 in Stealth
  5043 | D:5      | Reached skill level 2 in Invocations
  5043 | D:5      | Reached XP level 7. HP: 18/35 MP: 12/12
  5186 | D:5      | Reached skill level 1 in Translocations
  5224 | D:5      | Found Xoillaffapia's Elemental Accessories.
  5258 | D:5      | Found an iron altar of Okawaru.
  5383 | D:5      | Reached skill level 1 in Throwing
  5383 | D:5      | Reached skill level 1 in Air Magic
  5636 | D:5      | Reached skill level 3 in Invocations
  6108 | D:5      | Reached *** piety under Makhleb
  7177 | D:6      | Reached XP level 8. HP: 39/39 MP: 14/14
  7223 | D:6      | Found Byxodif's Distillery.
  7231 | D:6      | Bought a potion of haste for 150 gold pieces
  7231 | D:6      | Bought a potion of curing for 45 gold pieces
  7409 | D:6      | Found a hide-covered altar of Uskayaw.
  7623 | D:6      | Reached skill level 4 in Invocations
  7888 | D:6      | Found a shimmering blue altar of Sif Muna.
  8413 | D:7      | Identified the +10 spear of Meudgh {spect, Int+3}
  8449 | D:7      | Found a sand-covered staircase.
  8454 | Ossuary  | Entered an ossuary
  8683 | Ossuary  | Reached skill level 5 in Shapeshifting
  8811 | Ossuary  | Reached **** piety under Makhleb
  8828 | Ossuary  | Reached XP level 9. HP: 35/43 MP: 16/16
  8860 | Ossuary  | Reached skill level 1 in Shields
  8915 | D:7      | Identified the +2 mace "Hamiyl" {flame, Str+4}
  9057 | D:7      | Reached skill level 1 in Polearms
  9113 | D:7      | Found a staircase to the Ecumenical Temple.
  9122 | D:7      | Got the Dissertation on Nocuous Space
  9312 | D:7      | Found a glowing golden altar of the Shining One.
  9639 | D:8      | Reached skill level 5 in Invocations
  9685 | D:8      | Reached skill level 5 in Spellcasting
  9698 | D:8      | Reached skill level 5 in Alchemy
  9739 | D:8      | Noticed Jeremiah
  9963 | D:8      | Killed Jeremiah
 10043 | D:8      | Found a white marble altar of Elyvilon.
 10074 | D:8      | Found a hazy altar of Hepliaklqana.
 10177 | D:8      | Found an ornate altar of the Wu Jian Council.
 10367 | D:8      | Found a blossoming altar of Fedhas.
 10439 | D:9      | Reached skill level 5 in Stealth
 10442 | D:9      | Reached ***** piety under Makhleb
 10467 | D:9      | Found a sacrificial altar of Ru.
 10530 | D:9      | Reached XP level 10. HP: 39/49 MP: 19/19
 10639 | D:9      | Found a runed translucent gate.
 10640 | D:9      | Found a runed translucent gate.
 10641 | D:9      | Found a runed translucent gate.
 10641 | D:9      | Noticed a deep elf pyromancer
 10642 | D:9      | Noticed sasquatch's ghost (novice FoFi)
 10643 | D:9      | Noticed a manticore
 10683 | D:9      | You fall into a shaft and drop 1 floor!
 10683 | D:10     | Entered Level 10 of the Dungeon
 10862 | D:10     | Found a staircase to the Orcish Mines.
 11267 | D:10     | Found a shadowy altar of Dithmenos.
 11426 | D:10     | Noticed Grum
 11643 | D:10     | Killed Grum
 11791 | D:10     | Noticed Erica
 11800 | D:10     | Killed Erica
 11801 | D:10     | Reached skill level 6 in Invocations
 11978 | D:11     | Noticed a two-headed ogre
 11978 | D:11     | Noticed a two-headed ogre
 11978 | D:11     | Noticed an ogre mage
 11979 | D:11     | Noticed a two-headed ogre
 12036 | D:11     | Killed an ogre mage
 12105 | D:11     | Killed a two-headed ogre
 12106 | D:11     | Reached XP level 11. HP: 42/52 MP: 20/22
 12179 | D:11     | Killed a two-headed ogre
 12180 | D:11     | Reached skill level 7 in Invocations
 12370 | D:11     | Killed a two-headed ogre
 12501 | D:11     | Reached skill level 1 in Armour
 12796 | D:11     | Noticed a two-headed ogre
 12817 | D:11     | Killed a two-headed ogre
 12990 | D:11     | Reached skill level 8 in Invocations
 13088 | D:11     | Found a staircase to the Lair.
 13417 | D:12     | Found a flickering gateway to a bazaar.
 13509 | Bazaar   | Entered a bazaar
 13509 | Bazaar   | Found Veshryute's Magic Scroll Shoppe.
 13509 | Bazaar   | Found Kemeav's Distillery.
 13509 | Bazaar   | Found Onerph Vutry's Book Emporium.
 13509 | Bazaar   | Found Laacuxoe's Jewellery Shoppe.
 13546 | Bazaar   | Bought a potion of haste for 90 gold pieces
 13552 | Bazaar   | Bought a scroll of blinking for 112 gold pieces
 13552 | Bazaar   | Bought a scroll of identify for 30 gold pieces
 13552 | Bazaar   | Bought a scroll of teleportation for 45 gold pieces
 13552 | Bazaar   | Bought a scroll of identify for 30 gold pieces
 13721 | D:12     | Found a runed translucent door.
 13799 | D:12     | Found a runed translucent door.
 13802 | D:12     | Noticed a shock serpent
 13805 | D:12     | Noticed a spark wasp
 13807 | D:12     | Found a runed translucent door.
 13807 | D:12     | Found a runed translucent door.
 13807 | D:12     | Noticed a deep elf zephyrmancer
 13807 | D:12     | Noticed a shock serpent
 13807 | D:12     | Noticed a storm dragon
 13807 | D:12     | Found the +5 Storm Queen's Shield {shock, Fly rElec}
 13807 | D:12     | Noticed a sixfirhy
 13821 | D:12     | Found Wuon Luo's Jewellery Emporium.
 14092 | D:12     | Identified the +0 leather armour "Keurik" {Harm rElec SInv
                  | Stlth+}
 14197 | D:12     | Noticed a purple ugly thing
 14215 | D:12     | Killed a purple ugly thing
 14771 | D:12     | Found Iwyodaz's Distillery.
 14775 | D:12     | Bought a potion of heal wounds for 85 gold pieces
 15070 | D:13     | Reached XP level 12. HP: 56/56 MP: 25/25
 15147 | D:13     | Noticed a boulder beetle
 15383 | Lair:1   | Entered Level 1 of the Lair of Beasts
 15705 | Lair:1   | Noticed a four-headed hydra
 15718 | Lair:1   | Killed a four-headed hydra
 15849 | Lair:1   | Noticed a death yak
 15850 | Lair:1   | Noticed a death yak
 15850 | Lair:1   | Noticed a death yak
 15853 | Lair:1   | Noticed a death yak
 15896 | Lair:1   | Noticed a death yak
 15896 | Lair:1   | Noticed a death yak
 15926 | Lair:1   | Killed a death yak
 15927 | Lair:1   | Reached skill level 5 in Polearms
 15927 | Lair:1   | Reached skill level 9 in Invocations
 15928 | Lair:1   | Killed a death yak
 15959 | Lair:1   | Killed a death yak
 16054 | Lair:1   | Killed a death yak
 16096 | Lair:1   | Killed a death yak
 16112 | Lair:1   | Killed a death yak
 16113 | Lair:1   | Reached skill level 10 in Shapeshifting
 16596 | Lair:2   | Noticed a death yak
 16603 | Lair:2   | Noticed a death yak
 16605 | Lair:2   | Noticed a death yak
 16606 | Lair:2   | Noticed a death yak
 16609 | Lair:2   | Killed a death yak
 16609 | Lair:2   | Noticed a death yak
 16747 | Lair:2   | Reached skill level 10 in Invocations
 16840 | Lair:2   | Reached skill level 10 in Spellcasting
 17234 | Lair:2   | Found a staircase to the Snake Pit.
 17235 | Lair:2   | Identified the ring "Xerut" {+Blink Fly Dex-2 Slay+5
                  | Stlth+}
 17424 | Lair:2   | Killed a death yak
 17602 | Lair:2   | Reached XP level 13. HP: 61/61 MP: 28/28
 17773 | Lair:2   | Reached skill level 11 in Invocations
 18134 | Lair:2   | Found a staircase to the Swamp.
 18982 | Lair:2   | Reached skill level 12 in Invocations
 18987 | Lair:2   | Reached skill level 1 in Evocations
 19441 | Lair:2   | Reached skill level 5 in Translocations
 19460 | Lair:2   | HP: 3/61 [anaconda (17)]
 19460 | Lair:2   | Constricted to death by an anaconda

Illustrated notes

Levels and vault maps discovered:
D:1:      wander_arrival_chamber, layout_loops_ring
D:2:      layout_basic
D:3:      layout_basic, mainiacjoe_overflow_paths, gammafunk_ghost_grave,
          grunt_ministairs_6
D:4:      layout_gridville, nicolae_gozag_zags_fifth_avenue
D:5:      layout_basic, lemuel_tele_altar, nicolae_elemental_shop
D:6:      layout_loops_ring, mainiacjoe_overflow_small_starburst,
          kennysheep_little_box, serial_shops, shop, kb_lookout_dungeons_type,
          grunt_ministairs_6
D:7:      layout_loops_ring, tso_metal_star, minmay_temple_entry_tees,
          enter_ossuary_2, minmay_hedge_maze, lemuel_flame_loot_1
D:8:      layout_rooms, fedhas_altar_4, lemuel_doored_altar,
          mainiacjoe_overflow_two_lobes, ebering_dispersal_statue_hall,
          uniq_jeremiah
D:9:      layout_gridville, ashenzari_conservatory_becter,
          overflow_temple_1_default, gammafunk_ghost_split, enter_bailey_3,
          uniq_joseph
D:10:     layout_irregular_city, grunt_dithmenos_shadows, david_orc_1_choice,
          uniq_erica, uniq_grum
D:11:     layout_basic, lair_entry_dummy
D:12:     layout_layer_cave, serial_shops, bzr_entry_islet,
          nicolae_shop_back_alley_shop, nicolae_shop_waterfront,
          nicolae_guarded_unrand_storm_shield
D:13:     layout_long_grid, uniq_rupert
Lair:1:   layout_loops_ring
Lair:2:   layout_loops_ring, mainiacjoe_swamp_entry_angry_trees,
          guppyfry_snake_entry_island, nicolae_lair_lakeside_cave,
          grunt_megastairs_4, infiniplex_staircase_pool_2, serial_bayou_shore_a
Lair:3:   lemuel_ratsnest, layout_chaotic_city

Skill      XL: |  1  2  3  4  5  6  7  8  9 10 11 12 13 |
---------------+----------------------------------------+-----
Unarmed Combat | 3 4 |  4.4
Spellcasting   | 1 2 3 4 5 6 8 10 | 10.1
Shapeshifting  | 1 2 3 4 5 6 8 9 10 | 10.0
Alchemy        | 1 2 4 5 7 8 |  8.7
Invocations    | 2 3 4 5 6 8 10 12 | 12.3
Dodging        | 5 6 |  6.7
Stealth        | 1 3 5 6 7 8 |  8.4
Translocations | 2 3 4 5 |  5.0
Throwing       | 1 2 3 |  3.2
Air Magic      | 1 2 |  2.0
Shields        | 1 2 |  2.4
Polearms       | 3 4 5 6 |  6.0
Fighting       | 3 4 |  4.1
Armour         | 1 2 |  2.8
Evocations     | 2 |  2.8
Summonings     | |  0.5

Action                     |  1- 3 |  4- 6 |  7- 9 | 10-12 | 13-15 || total
---------------------------+-------+-------+-------+-------+-------++-------
  Melee: Unarmed           |   114 |   146 |   235 |       |       ||   495
         Short sword       |     7 |       |       |       |       ||     7
         Dagger            |    30 |       |       |       |       ||    30
         Spear             |       |       |   149 |   343 |   111 ||   603
  Throw: Dart              |     8 |    28 |    36 |    22 |     1 ||    95
         Boomerang         |       |       |       |     3 |       ||     3
         Throwing net      |       |       |       |     2 |     2 ||     4
   Cast: Mercury Vapours   |       |       |     4 |     1 |       ||     5
         Call Canine Famil |       |       |     2 |       |       ||     2
         Blink             |       |       |     1 |    10 |     5 ||    16
         Mephitic Cloud    |       |       |     1 |       |     1 ||     2
 Invoke: Minor Destruction |       |    37 |    59 |   183 |    41 ||   320
         Lesser Servant of |       |       |       |    10 |     5 ||    15
         Major Destruction |       |       |       |     6 |     1 ||     7
  Evoke: Wand              |       |       |     1 |     2 |     6 ||     9
    Use: Potion            |     1 |     2 |       |     1 |       ||     4
         Scroll            |     1 |     1 |     6 |    11 |     2 ||    21
   Stab: Distracted        |       |       |     4 |    10 |     3 ||    17
         Sleeping          |       |       |     7 |    15 |     5 ||    27
         Held in net/web   |       |       |       |     1 |     1 ||     2
         Paralysed         |       |       |       |       |     1 ||     1
 Armour: Robe              |    38 |    61 |    65 |       |       ||   164
         Steam dragon scal |       |       |     8 |     2 |       ||    10
         Acid dragon scale |       |       |       |    48 |    25 ||    73
  Dodge: Dodged            |   123 |   135 |   140 |   104 |    33 ||   535
  Block: Buckler           |       |       |    85 |    81 |    26 ||   192
         Reflection        |       |       |     9 |    16 |       ||    25
   Form: Beast             |     1 |       |       |       |       ||     1
